 Dungeon Crawl Stone Soup version 0.30.1-11-g7821555f0a (webtiles) character file.

Game seed: 9999428731187199271

810 Abishag the Chopper (level 7, -1/61 HPs)
             Began as a Minotaur Fighter on Jan 12, 2024.
             Was an Initiate of Okawaru.
             Succumbed to a killer bee's poison
             ... on level 6 of the Dungeon.
             The game lasted 00:09:55 (3285 turns).

Abishag the Chopper (Minotaur Fighter)              Turns: 3285, Time: 00:09:56

Health: -1/61      AC:  6    Str: 21    XL:     7   Next: 61%
Magic:  6/6        EV: 11    Int:  7    God:    Okawaru [......]
Gold:   29         SH:  4    Dex:  9    Spells: 6/6 levels left

rFire   + . .        a - +1 war axe
rCold   + . .        c - +0 buckler
rNeg    . . .        g - +0 ring mail {rF+}
rPois   .            (helmet restricted)
rElec   .            (no cloak)
rCorr   .            (no gloves)
SInv    .            (no boots)
Will    .....        (no amulet)
Stlth   +            j - ring of protection from cold
HPRegen 0.30/turn    (no ring)
MPRegen 0.10/turn

%: no passive effects
@: brilliant, lethally poisoned (-1 -> -9), hasted, invisible, very quick
A: horns 2, retaliatory headbutt
a: Renounce Religion


You were on level 6 of the Dungeon.
You worshipped Okawaru.
Okawaru was noncommittal.
You visited 2 branches of the dungeon, and saw 6 of its levels.
You also visited: Sewer.

You collected 194 gold pieces.
You spent 165 gold pieces at shops.

Inventory:

Hand Weapons
 a - a +1 war axe (weapon)
 u - a +5 sling of flaming
Missiles
 d - a throwing net (quivered)
Armour
 b - a +0 scale mail
 c - a +0 buckler (worn)
 g - a +0 ring mail of fire resistance (worn)
Jewellery
 j - a ring of protection from cold (left hand)
Wands
 k - a wand of mindburst (10)
Scrolls
 f - 2 scrolls of poison
 p - 3 scrolls of blinking {unknown}
 q - a scroll of summoning
 r - a scroll of enchant armour {unknown}
 s - 2 scrolls of silence
 t - a scroll of vulnerability
 x - a scroll of teleportation
Potions
 e - 3 potions of degeneration
 h - 6 potions of flight
 l - a potion of lignification
 m - a potion of mutation
 v - a potion of brilliance
 w - a potion of berserk rage {unknown}


   Skills:
 * Level 5.0 Fighting
 * Level 5.8 Axes
 * Level 2.0 Ranged Weapons
 * Level 1.6 Throwing
 * Level 5.1 Armour
 * Level 2.3 Dodging
 * Level 2.0 Stealth
 * Level 5.0 Shields
 * Level 1.9 Evocations


You had 6 spell levels left.
You didn't know any spells.
Your spell library contained the following spells:

 Spells                   Type           Power      Damage    Failure   Level
 Leda's Liquefaction      Hex/Erth       0%         N/A       100%        4
 Summon Mana Viper        Hex/Summ       Unusable   N/A       N/A         5

Dungeon Overview and Level Annotations

Branches:
Dungeon (6/15)             Temple (1/1) D:6           Sewer (visited)

Altars:
Fedhas
Gozag
Hepliaklqana
Kikubaaqudgha
Nemelex Xobeh
Okawaru
Ru
Sif Muna
Trog
Uskayaw
Xom
Yredelemnul
Zin
The Shining One

Shops:
D:2 ?*=!   D:5 *   D:6 [


Innate Abilities, Weirdness & Mutations

You have a pair of horns on your head.
You reflexively headbutt those who attack you in melee.


Message History

* * * LOW HITPOINT WARNING * * *
You closely miss the killer bee.
The killer bee is severely wounded.
You block the killer bee's attack. x2
You miss the killer bee. Your headbutt misses the killer bee.
The killer bee is severely wounded.
You block the killer bee's attack. The killer bee barely misses you.
You furiously retaliate!
You headbutt the killer bee!
You kill the killer bee!
Okawaru accepts your kill.
Your Fighting skill increases to level 5!
Your Ranged Weapons skill increases to level 2!
Your Stealth skill increases to level 2!
You barely miss the adder. The adder bites you.
* * * LOW HITPOINT WARNING * * *
You are poisoned.
The adder poisons you! The adder bites you.
* * * LOW HITPOINT WARNING * * *
You slash the adder!
You kill the adder!
Okawaru accepts your kill.
You feel sick. The killer bee stings you.
* * * LOW HITPOINT WARNING * * *
You are lethally poisoned!
The killer bee poisons you! You block the killer bee's attack.
It was a potion of brilliance.
You feel clever all of a sudden.
* * * LOW HITPOINT WARNING * * *
You feel sick. The killer bee stings you.
* * * LOW HITPOINT WARNING * * *
You are more poisoned.
The killer bee poisons you! The killer bee barely misses you.
You furiously retaliate!
You headbutt the killer bee.
It was a potion of invisibility.
You fade into invisibility!
* * * LOW HITPOINT WARNING * * *
You feel sick. The killer bee closely misses you.
The killer bee stings you but does no damage.
It was a potion of haste.
You feel yourself speed up.
You die...

.......# ......# ......#
......# #. ....# ...
...###..# ##.....#
############...#########
.<.............y@.......
###########..###########
#########...........#
..........#.........#
.........##.........#
......[# #.........#
......# #....>....#
#####...###.........#
.................####


You could see a killer bee (unable to see you).

Vanquished Creatures
  Menkaure (D:6)
  An ogre (D:6)
  A phantom (D:4)
  A bullfrog (D:6)
  A scorpion (D:6)
  2 killer bees (D:6)
  A jelly (D:4)
  2 iguanas
  3 gnolls (D:5)
  7 river rats
  9 adders
  4 dart slugs
  5 orcs
  8 ball pythons
  10 bats
  An endoplasm (D:2)
  5 giant cockroaches
  A goblin (D:1)
  4 jackals (Sewer)
  2 kobolds (D:2)
  6 quokkas
  8 frilled lizards
  4 rats
87 creatures vanquished.

Notes
Turn   | Place    | Note
-------+----------+-------------------------------------------
     0 | D:1      | Abishag the Minotaur Fighter began the quest for the Orb.
     0 | D:1      | Reached XP level 1. HP: 19/19 MP: 0/0
   206 | D:1      | Reached XP level 2. HP: 27/27 MP: 1/1
   271 | D:2      | Found Odiupp's Magic Scroll Boutique.
   291 | D:2      | Bought a scroll of identify for 20 gold pieces
   295 | D:2      | Found Weqezaov's Jewellery Shoppe.
   402 | D:2      | Found Haticlec's Distillery.
   447 | D:2      | Found Ogagulid's Assorted Antiques.
   450 | D:2      | Bought a lumpy brown potion for 18 gold pieces
   479 | D:2      | Reached XP level 3. HP: 33/33 MP: 2/2
   552 | D:2      | You fall into a shaft and drop 2 floors!
   569 | D:4      | Reached XP level 4. HP: 37/40 MP: 3/3
   872 | D:4      | Noticed a phantom
   885 | D:4      | Killed a phantom
   886 | D:4      | Reached skill level 1 in Dodging
   886 | D:4      | Reached skill level 1 in Stealth
   886 | D:4      | Reached XP level 5. HP: 44/47 MP: 4/4
   946 | D:5      | Entered Level 5 of the Dungeon
  1169 | D:5      | Found a glowing drain.
  1176 | Sewer    | Entered a sewer
  1439 | Sewer    | Reached XP level 6. HP: 53/53 MP: 5/5
  1452 | Sewer    | Reached skill level 1 in Evocations
  1558 | Sewer    | Reached skill level 5 in Axes
  2002 | D:5      | Got the Elucidation of Bewitchment
  2120 | D:5      | Found Gopueb's Assorted Antiques.
  2124 | D:5      | Bought 3 scrolls labelled TAKOXA VEREKH for 45 gold pieces
  2124 | D:5      | Bought a scroll labelled JYECZU WILOGA for 15 gold pieces
  2124 | D:5      | Bought a glowing sling for 67 gold pieces
  2496 | D:6      | Noticed Menkaure
  2496 | D:6      | Found Biut's Armour Shoppe.
  2502 | D:6      | Killed Menkaure
  2503 | D:6      | Reached skill level 1 in Throwing
  2569 | D:6      | Reached skill level 1 in Ranged Weapons
  2569 | D:6      | Reached XP level 7. HP: 59/60 MP: 6/6
  2694 | D:6      | Reached skill level 5 in Armour
  2721 | D:6      | Found a staircase to the Ecumenical Temple.
  2731 | Temple   | Entered the Ecumenical Temple
  2925 | Temple   | Became a worshipper of Warmaster Okawaru
  3277 | D:6      | Reached skill level 5 in Shields
  3281 | D:6      | Reached skill level 5 in Fighting
  3284 | D:6      | HP: 2/61 [poisoned by a killer bee]
  3285 | D:6      | Succumbed to a killer bee's poison

Illustrated notes

Levels and vault maps discovered:
D:1:      dpeg_arrival_prison, layout_basic, minmay_misc_feat_rugged,
          minmay_lizard_pond
D:2:      layout_rooms, serial_shops, shop, nicolae_shop_just_a_little_nook,
          shop, nicolae_shop_mannequins, nicolae_shop_real_fake_doors
D:4:      layout_loops_ring
D:5:      layout_loops_ring, gup_sewer_entry_bubbles, serial_shops, shop_statue,
          kennysheep_boxes
D:6:      layout_basic, mainiacjoe_overflow_alcove_4, minmay_temple_entry_glass,
          serial_shops, nicolae_diamond_shop, chequers_decorated_corner,
          uniq_menkaure
Temple:   mainiacjoe_temple_cubbyholes

Skill      XL: |  1  2  3  4  5  6  7 |
---------------+----------------------+-----
Shields        | 4 5 |  5.0
Fighting       | 4 5 |  5.0
Axes           | 3 4 5 |  5.8
Armour         | 4 5 |  5.1
Dodging        | 1 2 |  2.3
Stealth        | 1 2 |  2.0
Evocations     | 1 |  1.9
Throwing       | 1 |  1.6
Ranged Weapons | 1 2 |  2.0

Action                     |  1- 3 |  4- 6 |  7- 9 || total
---------------------------+-------+-------+-------++-------
  Melee: War axe           |    35 |   129 |    19 ||   183
         Headbutt          |     4 |    19 |     2 ||    25
   Fire: Sling             |       |    12 |    11 ||    23
  Evoke: Wand              |       |     2 |       ||     2
    Use: Scroll            |     6 |     9 |       ||    15
         Potion            |       |     3 |     5 ||     8
 Armour: Ring mail         |    12 |    70 |     7 ||    89
         Scale mail        |     2 |       |       ||     2
  Dodge: Dodged            |    21 |    96 |    13 ||   130
  Block: Buckler           |    10 |    43 |     9 ||    62
